 Dungeon Crawl Stone Soup version 0.17-a0-1078-g243345b (webtiles) character file.

73 Ruokin the Insei (level 4, -4/24 HPs)
             Began as a Vine Stalker Monk on May 18, 2015.
             Was a Believer of Vehumet.
             Slain by a gnoll
             ... wielding a +0 halberd
              (6 damage)
             ... on level 3 of the Dungeon.
             The game lasted 00:09:10 (1384 turns).

Ruokin the Insei (Vine Stalker Monk)                Turns: 1384, Time: 00:09:10

Health: -4/24      AC:  2    Str: 14    XL:     4   Next: 27%
Magic:  0/5        EV: 13    Int: 10    God:    Vehumet [**....]
Gold:   72         SH:  0    Dex: 17    Spells: 0 memorised, 3 levels left

rFire  . . .     SeeInvis .       - Unarmed
rCold  . . .     Clarity  .     a - +0 robe
rNeg   . . .     SustAb   .     (no shield)
rPois  .         Gourm    .     (no helmet)
rElec  .         Spirit   +     (no cloak)
rCorr  .         Warding  .     (no gloves)
rMut   .         Stasis   +     (no boots)
MR     .....                    h - amulet of stasis
Stlth  ++........               (no ring)
                                (no ring)

@: not resistant to hostile enchantments, unstealthy
A: fangs 2, regeneration 1, magic shield, antimagic bite, no device heal 3, rot
immunity
a: Renounce Religion


You were on level 3 of the Dungeon.
You worshipped Vehumet.
Vehumet was pleased with you.
You were not hungry.

You visited 1 branch of the dungeon, and saw 3 of its levels.

You collected 72 gold pieces.

Inventory:

Armour
 a - a +0 robe (worn)
Jewellery
 e - an uncursed ring of flight {unknown}
 h - an amulet of stasis (around neck)
Scrolls
 f - a scroll of identify
Comestibles
 b - a royal jelly


   Skills:
 + Level 3.1 Fighting
 + Level 3.0 Dodging
 + Level 2.9 Stealth
 + Level 4.6 Unarmed Combat


You had 3 spell levels left.
You didn't know any spells.

Dungeon Overview and Level Annotations

Branches:
Dungeon (3/15)

Altars:
Gozag
Kikubaaqudgha
Vehumet

Annotations:
D:3 Grinder, Purgy


Innate Abilities, Weirdness & Mutations

You have extremely sharp teeth.
Your natural rate of healing is unusually fast.
When hurt, damage is shared between your health and your magic reserves.
Your bite disrupts and absorbs the magic of your enemies.
Potions and wands cannot restore your health.
You are immune to rotting.


Message History

The gnoll closely misses you.
The hobgoblin hits you but does no damage.
The jelly barely misses you.
Read which item? (? for menu, Esc to quit)
As you read the scroll labeled GOOW SUAJEHU, it crumbles to dust.
The creatures around you are filled with an inner flame!
It was a scroll of immolation.
The jelly closely misses you. The gnoll barely misses you.
The hobgoblin barely misses you.
Read which item? (? for menu, Esc to quit)
As you read the scroll labeled URPHAO JYZAL, it crumbles to dust.
You feel blessed for a moment.
It was a scroll of remove curse.
The jelly hits you but does no damage. The hobgoblin completely misses you.
The gnoll hits you from afar with a halberd!
* * * LOW HITPOINT WARNING * * *
You hit the hobgoblin but do no damage. You bite the hobgoblin.
You drain its power.
You feel invigorated.
The hobgoblin is lightly wounded.
The jelly hits you but does no damage. The hobgoblin completely misses you.
The gnoll hits you from afar with a halberd!
You die...

...#### #......
........<......
..g.g..........
.......#.......
#. #g<.......
#. #.........
#. #..##.....
#.###g........
#gg@Jg........
#.####.....###
#. #.....# ..
.....## ...
.g...# ...>
.....# .....
.T.g..# ......
g....


You could see a jelly (inner flame), 3 gnolls and a hobgoblin (inner flame).

Vanquished Creatures
  Terence (D:2)
  An adder (D:2)
  2 giant geckos
  4 bat skeletons (D:2)
  3 bat zombies (D:2)
  2 giant cockroaches (D:1)
  2 goblins (D:1)
  4 hobgoblins
  2 ball pythons
  4 bats
  A giant newt (D:1)
  4 kobolds (D:2)
  7 rats
37 creatures vanquished.

Notes
Turn   | Place    | Note
--------------------------------------------------------------
     0 | D:1      | Ruokin the Vine Stalker Monk began the quest for the Orb.
     0 | D:1      | Reached XP level 1. HP: 11/11 MP: 2/2
   259 | D:1      | Reached XP level 2. HP: 16/16 MP: 3/3
   659 | D:2      | Noticed Terence
   912 | D:2      | Killed Terence
   912 | D:2      | Reached XP level 3. HP: 13/19 MP: 2/4
  1101 | D:2      | Found a radiant altar of Vehumet.
  1113 | D:2      | Became a worshipper of Vehumet
  1113 | D:2      | Acquired Vehumet's first power
  1113 | D:2      | Offered knowledge of Flame Tongue by Vehumet.
  1130 | D:2      | Reached XP level 4. HP: 21/24 MP: 5/5
  1166 | D:2      | Found an opulent altar of Gozag.
  1294 | D:2      | Offered knowledge of Magic Dart by Vehumet.
  1320 | D:2      | Found an ancient bone altar of Kikubaaqudgha.
  1365 | D:3      | Noticed Grinder
  1370 | D:3      | Noticed Purgy
  1384 | D:3      | Slain by a gnoll

Vault maps used:
D:1:      dpeg_arrival_three_bigger_balls
D:2:      vehumet_crystals, nicolae_gozag_cash_rules_everything_around_me,
          kennysheep_vampire_church, uniq_terence
D:3:      grunt_temple_overflow_open, old_standard_altar,
          mrwooster_statue_mirror, uniq_grinder, uniq_natasha, uniq_robin,
          uniq_purgy

Action                   |  1- 3 |  4- 6 || total
-------------------------+-------+-------++-------
Melee: Unarmed           |    99 |    26 ||   125
  Use: Scroll            |       |     8 ||     8
 Stab: Sleeping          |     4 |     3 ||     7
  Eat: Bread ration      |       |     1 ||     1
